| TOP OF THE 1ST |
|
Greensboro Grasshoppers batting - Pitching for Augusta GreenJackets : LHP Hector Jimenez
|
|
Pitching: LHP Hector Jimenez
|
|
|
Batting: RHB Harrie de Kam
|
0-0: Ball 1-0: Ball 2-0: Fly out, F8 (Flyball, 8RM, EV 89.4 MPH)
|
|
Batting: RHB Rafael Irizarry
|
0-0: Ball 1-0: DOUBLE (Flyball, 8LD, EV 100.6 MPH)
|
|
Batting: RHB Nate Crofts
|
0-0: Called Strike 0-1: Ball 1-1: Ball Rafael Irizarry steals 3rd base 2-1: Ball 3-1: SINGLE (Groundball, 56D, EV 96.9 MPH) Rafael Irizarry scores
|
|
Batting: LHB Ryan Karg
|
0-0: Called Strike 0-1: Ball 1-1: Foul Ball, location: 2F 1-2: Ball 2-2: Foul Ball, location: 2F 2-2: Ball 3-2: Base on Balls Nate Crofts to second
|
|
Batting: RHB J.D. Vander Klok
|
0-0: Ball 1-0: Ball 2-0: Ball Wild Pitch! Nate Crofts to third Ryan Karg to second 3-0: Foul Ball, location: 2F 3-1: Ground out 6-3 (Groundball, 6S, EV 85.0 MPH) Nate Crofts scores Ryan Karg to third
|
|
Batting: LHB Angelo Estrella
|
0-0: Called Strike 0-1: DOUBLE (Line Drive, 7LM, EV 108.8 MPH) Ryan Karg scores
|
|
Batting: LHB Ryan Thompson
|
0-0: Ball 1-0: Foul Ball, location: 2F 1-1: Foul Ball, location: 2F 1-2: Ball 2-2: Ball 3-2: Fly out, F9 (Flyball, 89M, EV 87.5 MPH)
|
| Top of the 1st over - 3 runs, 3 hits, 0 errors, 1 left on base; Greensboro 3 - Augusta 0 |
| BOTTOM OF THE 1ST |
|
Augusta GreenJackets batting - Pitching for Greensboro Grasshoppers : LHP Mike Wasson
|
|
Pitching: LHP Mike Wasson
|
|
|
Batting: LHB Joe Hoover
|
0-0: Ball 1-0: Swinging Strike 1-1: Called Strike 1-2: Ball 2-2: Reached on error, E6 (Groundball, 6, EV 86.9 MPH)
|
|
Batting: RHB Tony Harper
|
0-0: Ball Joe Hoover is caught stealing 2nd base 2-4 1-0: Fly out, F6 (Popup, P, EV 81.2 MPH)
|
|
Batting: RHB Zach Maguire
|
0-0: Ball 1-0: Called Strike 1-1: Foul Ball, location: 2F 1-2: Ball 2-2: Fly out, F8 (Flyball, 8RXD, EV 111.2 MPH)
|
| Bottom of the 1st over - 0 runs, 0 hits, 1 error, 0 left on base; Greensboro 3 - Augusta 0 |
| TOP OF THE 2ND |
|
Greensboro Grasshoppers batting - Pitching for Augusta GreenJackets : LHP Hector Jimenez
|
|
Batting: RHB Dennis Coppolino
|
0-0: Ball 1-0: Foul Ball, location: 2F 1-1: Ground out 6-3 (Groundball, 6, EV 81.9 MPH)
|
|
Batting: RHB Nick Dunton
|
0-0: Called Strike 0-1: Ball 1-1: Ball 2-1: SINGLE (Groundball, 6M, EV 101.2 MPH) (infield hit)
|
|
Batting: RHB Harrie de Kam
|
0-0: SINGLE (Groundball, 4M, EV 101.2 MPH) (infield hit) Nick Dunton to second
|
|
Batting: RHB Rafael Irizarry
|
0-0: SINGLE (Line Drive, 4MD, EV 93.8 MPH) Nick Dunton to third Harrie de Kam to second Runner from 3rd tries for Home, SAFE, throw by CF to home
|
|
Batting: RHB Nate Crofts
|
0-0: Ball 1-0: Foul Ball, location: 2F 1-1: Ball 2-1: Ball 3-1: Called Strike 3-2: Foul Ball, location: 2F 3-2: Ground out 3-1 (Groundball, 13, EV 90.0 MPH) Harrie de Kam to third Rafael Irizarry to second
|
|
Batting: LHB Ryan Karg
|
0-0: Swinging Strike 0-1: Ball Wild Pitch! Harrie de Kam scores Rafael Irizarry to third 1-1: Ball 2-1: Swinging Strike 2-2: Ground out U3 (Groundball, 3, EV 81.9 MPH)
|
| Top of the 2nd over - 2 runs, 3 hits, 0 errors, 1 left on base; Greensboro 5 - Augusta 0 |
| BOTTOM OF THE 2ND |
|
Augusta GreenJackets batting - Pitching for Greensboro Grasshoppers : LHP Mike Wasson
|
|
Batting: LHB Steve Nevis
|
0-0: Called Strike 0-1: Swinging Strike 0-2: Ball 1-2: Ball 2-2: Ground out 4-3 (Groundball, 4, EV 88.8 MPH)
|
|
Batting: RHB Dave Perron
|
0-0: Ball 1-0: Foul Ball, location: 2F 1-1: Foul Ball, location: 2F 1-2: Ball 2-2: Ball 3-2: Strikes out swinging
|
|
Batting: LHB Chris West
|
0-0: Called Strike 0-1: Called Strike 0-2: Strikes out swinging
|
| Bottom of the 2nd over - 0 runs, 0 hits, 0 errors, 0 left on base; Greensboro 5 - Augusta 0 |
| TOP OF THE 3RD |
|
Greensboro Grasshoppers batting - Pitching for Augusta GreenJackets : LHP Hector Jimenez
|
|
Batting: RHB J.D. Vander Klok
|
0-0: Ball 1-0: Foul Ball, location: 2F 1-1: Ball 2-1: Ball 3-1: Swinging Strike 3-2: SINGLE (Groundball, 6MD, EV 105.0 MPH)
|
|
Pitching: RHP Chance Robinson
|
|
|
Batting: LHB Angelo Estrella
|
0-0: SINGLE (Line Drive, 78M, EV 111.2 MPH) J.D. Vander Klok to second
|
|
Batting: LHB Ryan Thompson
|
0-0: Called Strike 0-1: Foul Ball, location: 2F 0-2: Strikes out swinging
|
|
Batting: RHB Dennis Coppolino
|
0-0: Foul Ball, location: 2F 0-1: Ball 1-1: Foul Ball, location: 2F 1-2: Ball 2-2: Foul Ball, location: 2F 2-2: Strikes out swinging
|
|
Batting: RHB Nick Dunton
|
0-0: Ball 1-0: Ball 2-0: Ground out U3 (Groundball, 3, EV 103.8 MPH)
|
| Top of the 3rd over - 0 runs, 2 hits, 0 errors, 2 left on base; Greensboro 5 - Augusta 0 |
| BOTTOM OF THE 3RD |
|
Augusta GreenJackets batting - Pitching for Greensboro Grasshoppers : LHP Mike Wasson
|
|
Batting: RHB Harry Dickson
|
0-0: Ground out 6-3 (Groundball, 6, EV 106.2 MPH)
|
|
Batting: RHB Aaron Elliott
|
0-0: Ball 1-0: Called Strike 1-1: Ball 2-1: Foul Ball, location: 2F 2-2: Ball 3-2: Strikes out looking
|
|
Batting: LHB Antonio Gutierrez
|
0-0: Ball 1-0: Ball 2-0: SINGLE (Groundball, P, EV 88.1 MPH) (infield hit)
|
|
Batting: LHB Joe Hoover
|
0-0: Swinging Strike 0-1: Hit by Pitch Antonio Gutierrez to second
|
|
Batting: RHB Tony Harper
|
0-0: Ball 1-0: Called Strike 1-1: Ball 2-1: Ball 3-1: Called Strike 3-2: Strikes out swinging
|
| Bottom of the 3rd over - 0 runs, 1 hit, 0 errors, 2 left on base; Greensboro 5 - Augusta 0 |
| TOP OF THE 4TH |
|
Greensboro Grasshoppers batting - Pitching for Augusta GreenJackets : RHP Chance Robinson
|
|
Batting: RHB Harrie de Kam
|
0-0: Swinging Strike 0-1: Ball 1-1: Swinging Strike 1-2: Foul Ball, location: 2F 1-2: Ball 2-2: Ball 3-2: Base on Balls
|
|
Batting: RHB Rafael Irizarry
|
0-0: Swinging Strike 0-1: Called Strike 0-2: Foul Ball, location: 2F 0-2: Ball 1-2: Ball Harrie de Kam steals 2nd base 2-2: Strikes out swinging
|
|
Batting: RHB Nate Crofts
|
0-0: Ball Harrie de Kam steals 3rd base 1-0: Fly out, F8 (Flyball, 89S, EV 77.5 MPH) Runner from 3rd tags up, SCORES, throw by CF
|
|
Batting: LHB Ryan Karg
|
0-0: Called Strike 0-1: Foul Ball, location: 2F 0-2: Ball 1-2: Strikes out swinging
|
| Top of the 4th over - 1 run, 0 hits, 0 errors, 0 left on base; Greensboro 6 - Augusta 0 |
| BOTTOM OF THE 4TH |
|
Augusta GreenJackets batting - Pitching for Greensboro Grasshoppers : LHP Mike Wasson
|
|
Batting: RHB Zach Maguire
|
0-0: SINGLE (Line Drive, 34D, EV 96.9 MPH)
|
|
Batting: LHB Steve Nevis
|
0-0: Foul Ball, location: 2F 0-1: Ball 1-1: Swinging Strike 1-2: Strikes out swinging
|
|
Batting: RHB Dave Perron
|
0-0: Ball 1-0: Grounds into double play, 6-4-3 (Groundball, 6, EV 81.9 MPH)
|
| Bottom of the 4th over - 0 runs, 1 hit, 0 errors, 0 left on base; Greensboro 6 - Augusta 0 |
| TOP OF THE 5TH |
|
Greensboro Grasshoppers batting - Pitching for Augusta GreenJackets : RHP Chance Robinson
|
|
Pitching: LHP Christian Rogers
|
|
|
Batting: RHB J.D. Vander Klok
|
0-0: Ball 1-0: Foul Ball, location: 2F 1-1: Ball 2-1: Foul Ball, location: 2F 2-2: Ball 3-2: Strikes out swinging
|
|
Batting: LHB Angelo Estrella
|
0-0: Called Strike 0-1: Foul Ball, location: 2F 0-2: Strikes out swinging
|
|
Batting: LHB Ryan Thompson
|
0-0: Called Strike 0-1: Ball 1-1: Ball 2-1: Foul Ball, location: 2F 2-2: Strikes out looking
|
| Top of the 5th over - 0 runs, 0 hits, 0 errors, 0 left on base; Greensboro 6 - Augusta 0 |
| BOTTOM OF THE 5TH |
|
Augusta GreenJackets batting - Pitching for Greensboro Grasshoppers : LHP Mike Wasson
|
|
Batting: LHB Chris West
|
0-0: Ball 1-0: Called Strike 1-1: Called Strike 1-2: Strikes out swinging
|
|
Batting: RHB Harry Dickson
|
0-0: Ball 1-0: Ball 2-0: Ball 3-0: Called Strike 3-1: Foul Ball, location: 2F 3-2: SINGLE (Groundball, 6S, EV 69.4 MPH) (infield hit)
|
|
Batting: RHB Aaron Elliott
|
0-0: Ball 1-0: SINGLE (Groundball, 6D, EV 104.4 MPH) Harry Dickson to second
|
|
Batting: LHB Antonio Gutierrez
|
0-0: Ball 1-0: Swinging Strike 1-1: Swinging Strike 1-2: Ball 2-2: DOUBLE (Groundball, 5L, EV 96.9 MPH) Harry Dickson scores Aaron Elliott to third Runner from 3rd tries for Home, SAFE, no throw by LF
|
|
Batting: LHB Joe Hoover
|
0-0: Ball 1-0: Ground out 4-3 (Groundball, 4, EV 105.6 MPH) Antonio Gutierrez to third
|
|
Batting: RHB Tony Harper
|
0-0: Called Strike 0-1: Ball 1-1: Ball 2-1: Called Strike 2-2: SINGLE (Line Drive, 89S, EV 91.2 MPH) Antonio Gutierrez scores
|
|
Batting: RHB Zach Maguire
|
0-0: Ball 1-0: Swinging Strike 1-1: Called Strike 1-2: Foul Ball, location: 2F 1-2: Ball 2-2: Ball 3-2: Ground out 6-3 (Groundball, 6, EV 86.2 MPH)
|
| Bottom of the 5th over - 3 runs, 4 hits, 0 errors, 1 left on base; Greensboro 6 - Augusta 3 |
| TOP OF THE 6TH |
|
Greensboro Grasshoppers batting - Pitching for Augusta GreenJackets : LHP Christian Rogers
|
|
Batting: RHB Dennis Coppolino
|
0-0: Swinging Strike 0-1: Swinging Strike 0-2: Ball 1-2: Strikes out looking
|
|
Batting: RHB Nick Dunton
|
0-0: Ball 1-0: Called Strike 1-1: Foul Ball, location: 2F 1-2: Fly out, F9 (Flyball, 89M, EV 86.9 MPH)
|
|
Batting: RHB Harrie de Kam
|
0-0: Called Strike 0-1: Ground out 4-3 (Groundball, 34, EV 89.4 MPH)
|
| Top of the 6th over - 0 runs, 0 hits, 0 errors, 0 left on base; Greensboro 6 - Augusta 3 |
| BOTTOM OF THE 6TH |
|
Augusta GreenJackets batting - Pitching for Greensboro Grasshoppers : LHP Mike Wasson
|
|
Batting: LHB Steve Nevis
|
0-0: Ball 1-0: Foul Ball, location: 2F 1-1: Ball 2-1: Ball 3-1: Swinging Strike 3-2: Base on Balls
|
|
Pitching: RHP Joe Lynn
|
|
|
Batting: RHB Dave Perron
|
0-0: Ball 1-0: Called Strike Steve Nevis steals 2nd base 1-1: SINGLE (Groundball, 56D, EV 106.2 MPH) (infield hit) Steve Nevis to third
|
|
Batting: LHB Chris West
|
0-0: Foul Ball, location: 2F 0-1: Ball 1-1: Ball 2-1: Called Strike 2-2: Strikes out swinging
|
|
Batting: RHB Harry Dickson
|
0-0: Ball Dave Perron is caught stealing 2nd base 2-4 1-0: Foul Ball, location: 2F 1-1: Ball 2-1: Ball 3-1: Base on Balls
|
|
Batting: RHB Aaron Elliott
|
0-0: Ball 1-0: Ball 2-0: Ball 3-0: Base on Balls Harry Dickson to second
|
|
Batting: LHB Antonio Gutierrez
|
0-0: Called Strike 0-1: Ball 1-1: Ball 2-1: Swinging Strike 2-2: Ball 3-2: Base on Balls Steve Nevis scores Harry Dickson to third Aaron Elliott to second
|
|
Pitching: RHP Adam Brown
|
|
|
Batting: LHB Joe Hoover
|
0-0: Ball 1-0: Ball 2-0: Ball 3-0: Called Strike 3-1: Base on Balls Harry Dickson scores Aaron Elliott to third Antonio Gutierrez to second
|
|
Batting: RHB Tony Harper
|
0-0: Called Strike 0-1: Ball 1-1: Foul Ball, location: 2F 1-2: Foul Ball, location: 2F 1-2: SINGLE (Groundball, 56S, EV 72.5 MPH) (infield hit) Aaron Elliott scores Antonio Gutierrez to third Joe Hoover to second
|
|
Batting: RHB Zach Maguire
|
0-0: Ball 1-0: Ball 2-0: Foul Ball, location: 2F 2-1: Ball 3-1: Foul Ball, location: 2F 3-2: Strikes out swinging
|
| Bottom of the 6th over - 3 runs, 2 hits, 0 errors, 3 left on base; Greensboro 6 - Augusta 6 |
| TOP OF THE 7TH |
|
Greensboro Grasshoppers batting - Pitching for Augusta GreenJackets : LHP Christian Rogers
|
|
Pitching: RHP Mike Flynn
|
|
|
Batting: RHB Rafael Irizarry
|
0-0: Called Strike 0-1: Foul Ball, location: 2F 0-2: Ball 1-2: Strikes out swinging
|
|
Batting: RHB Nate Crofts
|
0-0: Ground out 6-3 (Groundball, 6, EV 82.5 MPH)
|
|
Batting: LHB Ryan Karg
|
0-0: Called Strike 0-1: Foul Ball, location: 2F 0-2: Foul Ball, location: 2F 0-2: Reached on error, E4 (Groundball, P, EV 80.0 MPH)
|
|
Batting: RHB J.D. Vander Klok
|
0-0: Called Strike 0-1: Called Strike 0-2: Ball 1-2: Ball 2-2: Strikes out swinging
|
| Top of the 7th over - 0 runs, 0 hits, 1 error, 1 left on base; Greensboro 6 - Augusta 6 |
| BOTTOM OF THE 7TH |
|
Augusta GreenJackets batting - Pitching for Greensboro Grasshoppers : RHP Adam Brown
|
|
Pitching: RHP Bill Padgett
|
|
|
Batting: LHB Steve Nevis
|
0-0: Ground out U3 (Groundball, 34D, EV 86.9 MPH)
|
|
Batting: RHB Dave Perron
|
0-0: Ball 1-0: Called Strike 1-1: Ball 2-1: SINGLE (Groundball, 34D, EV 94.4 MPH)
|
|
Batting: LHB Chris West
|
0-0: Foul Ball, location: 2F 0-1: Foul Ball, location: 2F 0-2: Ball 1-2: DOUBLE (Line Drive, 7LD, EV 110.6 MPH) Dave Perron to third Runner from 3rd tries for Home, SAFE, no throw by LF
|
|
Batting: RHB Harry Dickson
|
0-0: Called Strike 0-1: Called Strike 0-2: SINGLE (Groundball, 56D, EV 102.5 MPH) Chris West to third
|
|
Batting: RHB Aaron Elliott
|
0-0: Ball 1-0: Called Strike 1-1: Ball 2-1: Ball 3-1: Swinging Strike 3-2: 3-RUN HOME RUN (Flyball, 89XD, EV 106.9 MPH), Distance : 405 ft
|
|
Pitching: RHP Mike Yorke
|
|
|
Batting: LHB Antonio Gutierrez
|
0-0: Ball 1-0: DOUBLE (Line Drive, 7LS, EV 101.9 MPH)
|
|
Batting: LHB Joe Hoover
|
0-0: Ball 1-0: Called Strike 1-1: SINGLE (Groundball, 6MD, EV 98.1 MPH) Antonio Gutierrez to third
|
|
Batting: RHB Tony Harper
|
0-0: Called Strike Joe Hoover is caught stealing 2nd base 2-4 0-1: Swinging Strike 0-2: Ball 1-2: DOUBLE (Flyball, 8RXD, EV 96.9 MPH) Antonio Gutierrez scores
|
|
Batting: RHB Zach Maguire
|
0-0: Ball 1-0: Called Strike 1-1: Foul Ball, location: 2F 1-2: 2-RUN HOME RUN (Flyball, 7LD, EV 93.8 MPH), Distance : 336 ft
|
|
Batting: LHB Steve Nevis
|
0-0: Ball 1-0: Foul Ball, location: 2F 1-1: Called Strike 1-2: Ball 2-2: Fly out, F8 (Flyball, 8LD, EV 79.4 MPH)
|
| Bottom of the 7th over - 7 runs, 8 hits, 0 errors, 0 left on base; Greensboro 6 - Augusta 13 |
| TOP OF THE 8TH |
|
Greensboro Grasshoppers batting - Pitching for Augusta GreenJackets : RHP Mike Flynn
|
|
Batting: LHB Angelo Estrella
|
0-0: Ball 1-0: Ground out 6-3 (Groundball, 6, EV 88.8 MPH)
|
|
Batting: LHB Ryan Thompson
|
0-0: Ball 1-0: Ball 2-0: Called Strike 2-1: Foul Ball, location: 2F 2-2: Ball 3-2: Strikes out looking
|
|
Batting: RHB Dennis Coppolino
|
0-0: SINGLE (Groundball, 5D, EV 102.5 MPH)
|
|
Batting: RHB Nick Dunton
|
0-0: Called Strike 0-1: Ground out 5-3 (Groundball, 56S, EV 89.4 MPH)
|
| Top of the 8th over - 0 runs, 1 hit, 0 errors, 1 left on base; Greensboro 6 - Augusta 13 |
| BOTTOM OF THE 8TH |
|
Augusta GreenJackets batting - Pitching for Greensboro Grasshoppers : RHP Mike Yorke
|
|
Pitching: RHP Dan Durand
|
|
|
Batting: RHB Dave Perron
|
0-0: Ball 1-0: Foul Ball, location: 2F 1-1: Ball 2-1: Foul Ball, location: 2F 2-2: SINGLE (Flyball, 7S, EV 91.9 MPH)
|
|
Pinch Hitting: LHB Takaaki Nishimoto
|
0-0: Ball 1-0: 2-RUN HOME RUN (Flyball, 89XD, EV 100.0 MPH), Distance : 423 ft
|
|
Batting: RHB Harry Dickson
|
0-0: Foul Ball, location: 2F 0-1: Swinging Strike 0-2: Ball 1-2: Ball 2-2: Ground out 1-3 (Groundball, 34S, EV 73.1 MPH)
|
|
Batting: RHB Aaron Elliott
|
0-0: Swinging Strike 0-1: Ball 1-1: Called Strike 1-2: Foul Ball, location: 2F 1-2: Ball 2-2: Foul Ball, location: 2F 2-2: Ball 3-2: Foul Ball, location: 2F 3-2: Base on Balls
|
|
Pitching: RHP Felix Moreno
|
|
|
Batting: LHB Antonio Gutierrez
|
0-0: Called Strike 0-1: Ball 1-1: Swinging Strike 1-2: Strikes out looking
|
|
Batting: LHB Joe Hoover
|
0-0: Called Strike 0-1: Ground out 2-3 (Groundball, 2L, EV 61.9 MPH)
|
| Bottom of the 8th over - 2 runs, 2 hits, 0 errors, 1 left on base; Greensboro 6 - Augusta 15 |
| TOP OF THE 9TH |
|
Greensboro Grasshoppers batting - Pitching for Augusta GreenJackets : RHP Mike Flynn
|
|
Now at 1B: Takaaki Nishimoto
|
|
|
Batting: RHB Harrie de Kam
|
0-0: Foul Ball, location: 2F 0-1: Fly out, F8 (Flyball, 8LD, EV 88.8 MPH)
|
|
Batting: RHB Rafael Irizarry
|
0-0: Swinging Strike 0-1: Foul Ball, location: 2F 0-2: Strikes out swinging
|
|
Batting: RHB Nate Crofts
|
0-0: Foul Ball, location: 2F 0-1: Foul Ball, location: 2F 0-2: Ball 1-2: Ground out U3 (Groundball, 3, EV 101.2 MPH)
|
| Top of the 9th over - 0 runs, 0 hits, 0 errors, 0 left on base; Greensboro 6 - Augusta 15 |
|